[Event "*** Titled Tuesday Blitz"]
[Site "Chess.com"]
[Date "2018.08.07"]
[Round "1"]
[White "Supernotar"]
[Black "playablecharacter"]
[Result "1-0"]
[WhiteElo "2455"]
[BlackElo "2047"]
[TimeControl "180+2"]
[EndTime "13:02:41 PDT"]
[Termination "Supernotar won by resignation"]

1. d4 f5 2. c4 Nf6 3. Nf3 g6 4. g3 Bg7 5. Bg2 O-O 6. O-O d6 7. Nc3 Nc6 8. b3 e5 9. dxe5 Nxe5 10. Bb2 Qe7 11. Rc1 c6 12. Qc2 Kh8 13. Rfd1 Be6 14. Rd2 Rad8 15. Rcd1 Rd7 16. Ba3 Rfd8 17. Nxe5 1-0

[Event "*** Titled Tuesday Blitz"]
[Site "Chess.com"]
[Date "2018.08.07"]
[Round "1"]
[White "ruvat"]
[Black "Korchmar_Vasiliy"]
[Result "0-1"]
[WhiteElo "2265"]
[BlackElo "2618"]
[TimeControl "180+2"]
[EndTime "13:03:44 PDT"]
[Termination "Korchmar_Vasiliy won by resignation"]

1. d4 Nf6 2. c4 g6 3. Nf3 Bg7 4. g3 O-O 5. Bg2 c6 6. Nc3 d5 7. Qb3 a5 8. cxd5 cxd5 9. O-O Ne4 10. Bf4 Nc6 11. Rfd1 Nxc3 12. Qxc3 Qb6 13. Rac1 Bf5 14.
Be5 Nxe5 15. Nxe5 Rac8 16. Qb3 Rxc1 17. Rxc1 Qxd4 18. Qxd5 Qxe5 0-1

[Event "*** Titled Tuesday Blitz"]
[Site "Chess.com"]
[Date "2018.08.07"]
[Round "1"]
[White "krzyzan94"]
[Black "FearlessKing64"]
[Result "1-0"]
[WhiteElo "2615"]
[BlackElo "2261"]
[TimeControl "180+2"]
[EndTime "13:03:49 PDT"]
[Termination "krzyzan94 won by resignation"]

1. e4 c5 2. Nf3 d6 3. d4 cxd4 4.
Nxd4 Nf6 5. Nc3 a6 6. Nb3 Qc7 7. Bg5 e6 8. Bxf6 gxf6 9. Qh5 Bd7 10. O-O-O Nc6 11. f4 Be7 12. f5 O-O-O 13. Qxf7 h5 14.
fxe6 Be8 15. Qg7 1-0

[Event "*** Titled Tuesday Blitz"]
[Site "Chess.com"]
[Date "2018.08.07"]
[Round "1"]
[White "BasilSmash"]
[Black "fidetrainerNET"]
[Result "1-0"]
[WhiteElo "2438"]
[BlackElo "1919"]
[TimeControl "180+2"]
[EndTime "13:03:52 PDT"]
[Termination "BasilSmash won by resignation"]

1. d4 d5 2. Bf4 Nf6 3. e3 Nc6 4. c4 g6 5. Nc3 Bg7 6. Nf3 O-O 7. Rc1 Bg4 8. h3 Bf5 9. a3 e6 10. Be2 Ne4 11. Nxe4 Bxe4 12. O-O f6 13. Nd2 g5 14.
Bh2 Bg6 15. cxd5 exd5 16. b4 Rc8 17. Nb3 Ne7 18. Nc5 Nf5 19. Nxb7 Qe7 20. Bd3 a5 21. Nc5 axb4 22. axb4 Rfe8 23. Qc2 Nxe3 24. fxe3 Qxe3+ 25. Kh1 Qxd4 26. Bxg6 hxg6 27. Qxg6 Qxb4 28. Nd7 Kh8 29.
Nxf6 Bxf6 30. Qxf6+ 1-0

[Event "*** Titled Tuesday Blitz"]
[Site "Chess.com"]
[Date "2018.08.07"]
[Round "1"]
[White "Litti"]
[Black "MikeSailer"]
[Result "1-0"]
[WhiteElo "2461"]
[BlackElo "2080"]
[TimeControl "180+2"]
[EndTime "13:03:58 PDT"]
[Termination "Litti won by resignation"]

1. e4 d5 2. exd5 Qxd5 3. Nc3 Qd8 4. Nf3 Nf6 5. Bc4 a6 6. Ne5 e6 7. d4 Nbd7 8. Qe2 Nxe5 9. dxe5 Nd5 10. Bd2 Nxc3 11.
Bxc3 Bc5 12. O-O O-O 13. Qg4 b5 14. Rad1 Qe8 15. Bd3 Bb7 16. Bd2 Kh8 17. Qh4 g6 18. Qf6+ Kg8 19. Bh6 1-0

[Event "*** Titled Tuesday Blitz"]
[Site "Chess.com"]
[Date "2018.08.07"]
[Round "1"]
[White "NemtsevIgor"]
[Black "Annawel"]
[Result "0-1"]
[WhiteElo "2385"]
[BlackElo "2786"]
[TimeControl "180+2"]
[EndTime "13:04:08 PDT"]
[Termination "Annawel won by resignation"]

1. d3 e5 2. c3 Nc6 3. Nd2 d5 4. h3 Nf6 5. g4 Be6 6. Bg2 Bc5 7. Ngf3 Bb6 8. Ng5 Bd7 9. Nf1 h6 10. Nf3 Be6 11. Ng3 Qd7 12. a4 a5 13. Nh4 g6 14. Nf3 O-O-O 15. Qb3 e4 16. Nd4 exd3 17. Nxe6 Qxe6 18. O-O h5 19. g5 h4 20. gxf6 hxg3 21. exd3 gxf2+ 22. Kh2 Rxh3+ 23. Bxh3 Rh8 0-1

[Event "*** Titled Tuesday Blitz"]
[Site "Chess.com"]
[Date "2018.08.07"]
[Round "1"]
[White "xberli"]
[Black "silverback96"]
[Result "1-0"]
[WhiteElo "2455"]
[BlackElo "2024"]
[TimeControl "180+2"]
[EndTime "13:04:09 PDT"]
[Termination "xberli won by checkmate"]

1. e4 c5 2. Nf3 e6 3. Nc3 d6 4. d4 cxd4 5. Nxd4 Nf6 6. Be3 Be7 7.
Bc4 O-O 8. Qe2 a6 9. O-O-O b5 10. Bd3 Bb7 11. Kb1 Nc6 12. Rhg1 Nxd4 13. Bxd4 Bc6 14. g4 b4 15. g5 Nd7 16. Qh5 bxc3 17. Bxg7 Kxg7 18.
Qh6+ Kg8 19. e5 f5 20. gxf6+ Kf7 21. Qh5# 1-0

[Event "*** Titled Tuesday Blitz"]
[Site "Chess.com"]
[Date "2018.08.07"]
[Round "1"]
[White "evgenysharapov"]
[Black "Nyzhnyk_Illia"]
[Result "0-1"]
[WhiteElo "2336"]
[BlackElo "2723"]
[TimeControl "180+2"]
[EndTime "13:04:23 PDT"]
[Termination "Nyzhnyk_Illia won by resignation"]

1. e4 e6 2. d4 d5 3. Nc3 Nf6 4. e5 Nfd7 5. f4 c5 6. Nf3 Nc6 7. Be3 Be7 8. Qd2 a6 9. Be2 O-O 10. O-O b5 11. Nd1 Qb6 12. c3 a5 13. Nf2 b4 14. Kh1 Ba6 15. Bxa6 Qxa6 16. g4 bxc3 17. bxc3 cxd4 18. Nxd4 Rfc8 19. Nd3 Rab8 20. Rab1 Qc4 21.
f5 Rxb1 22. Rxb1 Ncxe5 23. Nxe5 Nxe5 24. fxe6 fxe6 25. Bg5 Bd6 26. Nxe6 Qe4+ 0-1

[Event "*** Titled Tuesday Blitz"]
[Site "Chess.com"]
[Date "2018.08.07"]
[Round "1"]
[White "josiwales"]
[Black "ShadowJolteon"]
[Result "1-0"]
[WhiteElo "2510"]
[BlackElo "2181"]
[TimeControl "180+2"]
[EndTime "13:04:24 PDT"]
[Termination "josiwales won by resignation"]

1. e4 c6 2. d4 d5 3. e5 c5 4. dxc5 Nc6 5. f4 Bf5 6. Nf3 e6 7. Be3 Nge7 8. Be2 Be4 9. O-O Nf5 10. Bf2 Rc8 11. Nbd2 a5 12. Bb5 Be7 13. Re1 Bxf3 14.
Nxf3 O-O 15. g4 Nh6 16. h3 Na7 17. Bd3 Bxc5 18. Bxc5 Rxc5 19. Qd2 Qb6 20. Kg2 Rfc8 21.
c3 Qc6 22. Nd4 Qc7 23. g5 Nf5 24. Nxf5 exf5 25. Bxf5 Rd8 26. e6 fxe6 27. Bxe6+ Kh8 28.
Qe3 Rc4 29. Bxd5 Rxf4 30. Rf1 Rxf1 31. Rxf1 Nb5 32. c4 Nd6 33. c5 Nc8 34. Rf7 Qb8 35.
Rxb7 Qa8 36. Qe5 1-0

[Event "*** Titled Tuesday Blitz"]
[Site "Chess.com"]
[Date "2018.08.07"]
[Round "1"]
[White "Koksik_13"]
[Black "dmosesov"]
[Result "1-0"]
[WhiteElo "2610"]
[BlackElo "2253"]
[TimeControl "180+2"]
[EndTime "13:04:44 PDT"]
[Termination "Koksik_13 won by resignation"]

1. e4 c5 2. Nf3 e6 3. c3 d5 4. exd5 Qxd5 5. d4 Nc6 6. Be2 cxd4 7. Nxd4 Nf6 8. O-O Bc5 9. Bf3 Qc4 10. Nxc6 bxc6 11.
Bxc6+ Ke7 12. Bxa8 Ba6 13. Bf3 Rd8 14. Qe1 Qh4 15.
Be3 Bd6 16. g3 Qh3 17. Nd2 h5 18. Bg2 Qg4 19. Nf3 Nd5 20. Rd1 f6 21. Rxd5 exd5 22. Bb6+ Kd7 23. Bxd8 Bxf1 24. Qxf1 Kxd8 25. Qa6 Qd7 26. Nd4 Bc5 27. Ne6+ 1-0

[Event "*** Titled Tuesday Blitz"]
[Site "Chess.com"]
[Date "2018.08.07"]
[Round "1"]
[White "Marreuh"]
[Black "Gr3egor"]
[Result "0-1"]
[WhiteElo "2039"]
[BlackElo "2455"]
[TimeControl "180+2"]
[EndTime "13:04:45 PDT"]
[Termination "Gr3egor won by resignation"]

1. e4 e5 2. Nf3 Nc6 3. Bc4 Bc5 4. c3 Nf6 5. d3 O-O 6. O-O d5 7. exd5 Nxd5 8. Re1 Bg4 9. Nbd2 Nb6 10. Bb3 Qxd3 11. Bc2 Qd8 12. Qe2 f5 13. Nf1 e4 14. h3 exf3 15. Qe6+ Kh8 16. hxg4 fxg2 17.
Ng3 Qh4 18. Kxg2 Bxf2 19. Kxf2 fxg4+ 20. Bf5 Qh2+ 21. Kf1 Qxg3 22. Re3 Qf4+ 23. Ke2 Qxf5 24.
Bd2 0-1

[Event "*** Titled Tuesday Blitz"]
[Site "Chess.com"]
[Date "2018.08.07"]
[Round "1"]
[White "INDIAN-ELEPHANT"]
[Black "2Tilted"]
[Result "1-0"]
[WhiteElo "2718"]
[BlackElo "2335"]
[TimeControl "180+2"]
[EndTime "13:04:53 PDT"]
[Termination "INDIAN-ELEPHANT won by resignation"]

1. d4 d5 2. Nf3 Nf6 3. c4 c6 4. e3 Bf5 5. Nc3 e6 6. Nh4 Bg6 7. Nxg6 hxg6 8. Bd3 Bd6 9. h3 Nbd7 10. O-O O-O 11.
Qc2 Qe7 12. Rd1 dxc4 13. Bxc4 e5 14. Qxg6 exd4 15. exd4 a5 16. Bh6 Nh5 17. Qxh5 gxh6 18. Qg6+ Kh8 19. Qxh6+ Kg8 20. Qg6+ Kh8 21. Qh5+ Kg7 22.
Re1 Qd8 23. Re4 f5 24. Rh4 1-0

[Event "*** Titled Tuesday Blitz"]
[Site "Chess.com"]
[Date "2018.08.07"]
[Round "1"]
[White "Karina_Oparina"]
[Black "vpantev"]
[Result "0-1"]
[WhiteElo "2167"]
[BlackElo "2507"]
[TimeControl "180+2"]
[EndTime "13:04:55 PDT"]
[Termination "vpantev won by resignation"]

1. d4 Nf6 2. Nf3 e6 3. g3 b5 4. Bg2 Bb7 5. O-O c5 6. b3 cxd4 7. Nxd4 Bxg2 8. Kxg2 Qb6 9. Bb2 Nc6 10. e3 Be7 11.
Nd2 Nxd4 12. Bxd4 Qc6+ 13. Qf3 Qxf3+ 14. Kxf3 d5 15. c4 bxc4 16. bxc4 O-O 17. cxd5 Nxd5 18.
Rab1 a5 19. Rb7 Bb4 20. Ne4 h6 21. Rc1 Rfc8 22. Nc5 Rc6 23. Nd3 Rxc1 24. Nxc1 Rc8 25.
Nd3 Rc2 26. Nxb4 Nxb4 27. a3 Nd3 28. e4 e5 29. Rb3 Ne1+ 30. Ke3 exd4+ 31. Kxd4 Rxf2 32.
Rb8+ Kh7 33. Rb5 Nc2+ 34. Ke5 Nxa3 35. Rb7 Nc4+ 36. Kd4 Nd6 37. Ra7 Rxh2 38. Rxa5 Rg2 0-1

[Event "*** Titled Tuesday Blitz"]
[Site "Chess.com"]
[Date "2018.08.07"]
[Round "1"]
[White "PulpanJ"]
[Black "Titus369"]
[Result "1/2-1/2"]
[WhiteElo "2529"]
[BlackElo "2248"]
[TimeControl "180+2"]
[EndTime "13:04:59 PDT"]
[Termination "Game drawn by agreement"]

1. e4 c5 2. Nf3 d6 3. d4 cxd4 4. Nxd4 Nf6 5. Nc3 a6 6. Be2 e6 7. Be3 Nbd7 8. f3 b5 9. Qd2 Bb7 10. a3 Qc7 11. O-O-O Ne5 12. Ndxb5 axb5 13. Nxb5 Qc6 14.
Nxd6+ Bxd6 15. Qxd6 Qxd6 16. Rxd6 O-O 17. Bd4 Nc6 18. Bxf6 gxf6 19. Rhd1 Kg7 20. Rd7 Rab8 21. b4 e5 22. c3 Rfc8 23. Kb2 Na5 24. bxa5 Ba6+ 1/2-1/2

[Event "*** Titled Tuesday Blitz"]
[Site "Chess.com"]
[Date "2018.08.07"]
[Round "1"]
[White "TBergh98"]
[Black "Tjktiger"]
[Result "0-1"]
[WhiteElo "2021"]
[BlackElo "2461"]
[TimeControl "180+2"]
[EndTime "13:05:02 PDT"]
[Termination "Tjktiger won by resignation"]

1. d4 Nf6 2. c4 g6 3. Nc3 Bg7 4. e4 d6 5. Nf3 O-O 6. Be2 c5 7.
O-O cxd4 8. Nxd4 Nc6 9. Be3 Bd7 10. Rc1 Nxd4 11. Bxd4 Bc6 12. f3 a5 13. b3 Nd7 14.
Bxg7 Kxg7 15. Qd4+ Kg8 16. Nd5 e6 17. Ne3 Qb6 18. Qxb6 Nxb6 19. Rfd1 Rfd8 20. Rd2 Kf8 21. Rcd1 Ke7 22. a3 f5 23. Bd3 Nd7 24. Bc2 f4 25. Ng4 h5 26. Nf2 Ne5 27. Nh3 a4 28. Nxf4 axb3 29.
Bxb3 Rxa3 30. Rb1 Rda8 31. c5 dxc5 32. Nxe6 Rxb3 33. Rxb3 Kxe6 34. f4 Ra1+ 35. Kf2 Ng4+ 36. Kg3 Bxe4 37. Re2 Kf5 38. Rb5 Rc1 39. Ra5 Rc3+ 40.
Kh4 Ne3 41. g3 Ng2+ 42. Kh3 Nxf4+ 0-1

[Event "*** Titled Tuesday Blitz"]
[Site "Chess.com"]
[Date "2018.08.07"]
[Round "1"]
[White "Zaven_ChessMood"]
[Black "Kangoroo3000"]
[Result "1-0"]
[WhiteElo "2895"]
[BlackElo "2408"]
[TimeControl "180+2"]
[EndTime "13:05:04 PDT"]
[Termination "Zaven_ChessMood won by resignation"]

1. e4 e6 2. d3 d6 3. Nd2 Nf6 4. f4 c5 5. Ngf3 Nc6 6. g3 Rb8 7. Bg2 Be7 8. O-O b5 9. h3 a6 10. g4 Bb7 11. a4 Nd7 12. axb5 axb5 13. g5 Qb6 14. Kh2 Nd4 15. Nxd4 cxd4 16. Nf3 e5 17. f5 Qc5 18. Bd2 Rc8 19. c3 dxc3 20.
bxc3 d5 21. Qe1 dxe4 22. dxe4 Qc4 23. Ra7 Rc7 24. f6 gxf6 25. gxf6 Bc5 26. Ra1 Rg8 27. Nh4 Qd3 28. Rf3 Qxe4 29. Rg3 Rxg3 30. Bxe4 1-0

[Event "*** Titled Tuesday Blitz"]
[Site "Chess.com"]
[Date "2018.08.07"]
[Round "1"]
[White "GadimbayliA"]
[Black "Marcan2b"]
[Result "1-0"]
[WhiteElo "2670"]
[BlackElo "2303"]
[TimeControl "180+2"]
[EndTime "13:05:04 PDT"]
[Termination "GadimbayliA won by resignation"]

1. e4 c5 2. Nf3 d6 3. d4 cxd4 4. Nxd4 Nf6 5. Nc3 g6 6. Be3 a6 7.
f3 b5 8. Qd2 Bb7 9. Be2 Nbd7 10. O-O Bg7 11. Rfd1 O-O 12. a4 b4 13. Na2 a5 14. c3 bxc3 15. Nxc3 Nc5 16. Rab1 Nfd7 17. b4 axb4 18. Rxb4 Ba6 19. Nc6 Qe8 20. Nd5 e6 21.
Nc7 Bxe2 22. Qxe2 Na6 23. Nxe8 Nxb4 24. Ne7+ Kh8 25. Nxg7 Kxg7 26. Qb2+ f6 27. Qxb4 Rf7 28. Qxd6 Ne5 29. Qxe6 Re8 30. Nf5+ Kf8 31. Bh6+ 1-0

[Event "*** Titled Tuesday Blitz"]
[Site "Chess.com"]
[Date "2018.08.07"]
[Round "1"]
[White "GrigorGrigorov"]
[Black "timator"]
[Result "1/2-1/2"]
[WhiteElo "2716"]
[BlackElo "2357"]
[TimeControl "180+2"]
[EndTime "13:05:17 PDT"]
[Termination "Game drawn by agreement"]

1. d4 Nf6 2. Nf3 e6 3. c4 d5 4.
g3 Be7 5. Bg2 O-O 6. O-O c6 7. Qc2 b6 8. Rd1 Ba6 9. b3 Nbd7 10. Bb2 Rc8 11. Nbd2 c5 12. e4 dxc4 13. bxc4 cxd4 14. Nxd4 Qc7 15. Rac1 Rfd8 16. Qb1 Nc5 17. e5 Ng4 18. Nc6 Nd3 19. Nxd8 Rxd8 20. Ne4 Nxc1 21.
Rxd8+ Bxd8 22. Qxc1 Qxc4 23. Qd1 Qd3 24. Qxd3 Bxd3 25.
Nd6 f6 1/2-1/2

[Event "*** Titled Tuesday Blitz"]
[Site "Chess.com"]
[Date "2018.08.07"]
[Round "1"]
[White "Didici"]
[Black "BjarkeSahl"]
[Result "1-0"]
[WhiteElo "2559"]
[BlackElo "2210"]
[TimeControl "180+2"]
[EndTime "13:05:20 PDT"]
[Termination "Didici won by resignation"]

1. d4 Nf6 2. c4 g6 3. f3 Bg7 4. e4 O-O 5. Ne2 d6 6. Be3 c6 7. Nec3 a6 8. Be2 b5 9. Nd2 bxc4 10. Nxc4 d5 11. Ne5 Nfd7 12. Nxd7 Nxd7 13. exd5 cxd5 14. Nxd5 e5 15. dxe5 Bb7 16. O-O Nxe5 17. Nb6 Rb8 18. Qxd8 Rfxd8 19. Rad1 Nc6 20. b3 Re8 21. Kf2 Nb4 22.
a4 Na2 23. Bc4 Nc3 24. Rd3 Rxe3 25. Kxe3 Re8+ 26. Kf2 Re2+ 27. Kg1 Bh6 1-0

[Event "*** Titled Tuesday Blitz"]
[Site "Chess.com"]
[Date "2018.08.07"]
[Round "1"]
[White "Raja3401"]
[Black "Maili15"]
[Result "1-0"]
[WhiteElo "2600"]
[BlackElo "2249"]
[TimeControl "180+2"]
[EndTime "13:05:22 PDT"]
[Termination "Raja3401 won by resignation"]

1. e4 c5 2. Nf3 e6 3. d4 cxd4 4. Nxd4 a6 5. Nc3 Qc7 6. Bd3 Nf6 7. O-O Nc6 8. Nxc6 bxc6 9. Re1 d5 10. Bg5 Be7 11.
exd5 cxd5 12. Bxf6 gxf6 13. Qh5 Bb7 14. Rxe6 Kf8 15. Qh6+ Ke8 16. Re2 Kd8 17. Rae1 Bd6 18. Qxf6+ Kd7 19. Re7+ 1-0

[Event "*** Titled Tuesday Blitz"]
[Site "Chess.com"]
[Date "2018.08.07"]
[Round "1"]
[White "Er_is_geen_hoop_meer"]
[Black "sandager"]
[Result "1-0"]
[WhiteElo "2459"]
[BlackElo "2051"]
[TimeControl "180+2"]
[EndTime "13:05:23 PDT"]
[Termination "Er_is_geen_hoop_meer won by resignation"]

1. b4 e5 2. a3 d5 3. Bb2 Nd7 4. c4 Ngf6 5. cxd5 Nxd5 6. e3 Be7 7. Qc2 O-O 8. Nf3 Bf6 9. h4 Re8 10. Ng5 g6 11. Bd3 Bxg5 12. hxg5 Qxg5 13. Nc3 Nxc3 14. Bxc3 Nb6 15. O-O-O Be6 16. f4 Qe7 17. Bxe5 f6 18.
Bb2 Bf7 19. Rh6 Nd7 20. Rdh1 Nf8 21. g4 Rad8 22. g5 Rd6 23. gxf6 Qd7 24. Bxg6 Bxg6 25. Rxg6+ Nxg6 26. f5 Rc6 27. Bc3 Nf8 28. Rg1+ Kh8 29. f7+ Rxc3 30. Qxc3+ 1-0

[Event "*** Titled Tuesday Blitz"]
[Site "Chess.com"]
[Date "2018.08.07"]
[Round "1"]
[White "JoakimVonAnd"]
[Black "Firouzja2003"]
[Result "0-1"]
[WhiteElo "2404"]
[BlackElo "2840"]
[TimeControl "180+2"]
[EndTime "13:05:24 PDT"]
[Termination "Firouzja2003 won by resignation"]

1. d4 Nf6 2. c4 g6 3. Nc3 Bg7 4. e4 d6 5. Be2 O-O 6. Be3 c5 7.
d5 e6 8. Nf3 exd5 9. cxd5 Bg4 10.
Nd2 Bxe2 11. Qxe2 Nbd7 12. O-O Re8 13. f3 a6 14. a4 Rb8 15. Nc4 Qc7 16. a5 Ne5 17.
Nxe5 Rxe5 18. Bf4 Ree8 19. Qc4 Nd7 20. Rfe1 Ne5 21. Qa4 b5 22. axb6 Qxb6 23. Re2 Nd3 24. Bd2 Qxb2 25. Ra2 Qb4 26. Qxa6 c4 27. Qa3 Qxa3 28.
Rxa3 Bxc3 29. Rxc3 Rb1+ 30. Bc1 Nxc1 31. Re1 Ne2+ 32.
Kf2 Nxc3 0-1

[Event "*** Titled Tuesday Blitz"]
[Site "Chess.com"]
[Date "2018.08.07"]
[Round "1"]
[White "GMG"]
[Black "TijanaBlagojevic"]
[Result "1-0"]
[WhiteElo "2751"]
[BlackElo "2355"]
[TimeControl "180+2"]
[EndTime "13:05:31 PDT"]
[Termination "GMG won by resignation"]

1. d4 d5 2. Bf4 Nf6 3. e3 c5 4. c3 Nc6 5. Nd2 Qb6 6. Qb3 c4 7. Qc2 Bg4 8. e4 e6 9. Be2 Bxe2 10. Nxe2 Be7 11. O-O O-O 12. e5 Nd7 13. Be3 Qd8 14.
f4 f5 15. g4 b5 16. gxf5 Rxf5 17. Ng3 Rf8 18. f5 exf5 19. Nxf5 Bg5 20. Rae1 b4 21. Nf3 Bxe3+ 22. Rxe3 Qe8 23. Ng5 Qg6 24. Rg3 b3 25. axb3 cxb3 26. Qxb3 Rxf5 27. Qxd5+ Kh8 28. Rxf5 Qxf5 29.
Nf7+ 1-0

[Event "*** Titled Tuesday Blitz"]
[Site "Chess.com"]
[Date "2018.08.07"]
[Round "1"]
[White "SantoBlue"]
[Black "saraswathii"]
[Result "1-0"]
[WhiteElo "2666"]
[BlackElo "2299"]
[TimeControl "180+2"]
[EndTime "13:05:42 PDT"]
[Termination "SantoBlue won by resignation"]

1. d4 Nf6 2. Nf3 g6 3. c4 d6 4. Nc3 Bg7 5. e4 O-O 6. Be2 Nfd7 7. O-O e5 8. d5 a5 9. Be3 Na6 10. a3 f5 11. Ng5 Nf6 12. exf5 Bxf5 13. Ne6 Bxe6 14.
dxe6 Qe7 15. c5 Qxe6 16. cxd6 Qxd6 17. Qb3+ Kh8 18. Qxb7 Nc5 19. Qb5 Nce4 20. Nxe4 Nxe4 21. Bf3 Rab8 22. Qxa5 Nf6 23. Bc5 Qe6 24. Bxf8 Rxf8 25. Qc5 e4 26. Rfe1 Qb3 27. Bxe4 Qxb2 28. Bf3 Rf7 29.
Rab1 1-0

[Event "*** Titled Tuesday Blitz"]
[Site "Chess.com"]
[Date "2018.08.07"]
[Round "1"]
[White "Shant_Sargsyan"]
[Black "GameOverBro"]
[Result "1-0"]
[WhiteElo "2836"]
[BlackElo "2398"]
[TimeControl "180+2"]
[EndTime "13:05:54 PDT"]
[Termination "Shant_Sargsyan won by resignation"]

1. Nf3 d6 2. d4 Nf6 3. c4 Bf5 4. Nc3 Nbd7 5. Nh4 Bg4 6. Qb3 Qc8 7. h3 Bh5 8. e4 e5 9. d5 Be7 10. Nf5 Nc5 11. Qc2 Kf8 12. g4 Bg6 13. b4 Na6 14. a3 h5 15. g5 Nh7 16. h4 c6 17. Bh3 Qc7 18. dxc6 bxc6 19. Be3 Rd8 20. b5 Nc5 21. Bxc5 dxc5 22. bxc6 Rd4 23. Nd5 Qa5+ 24. Kf1 Bd8 25. Nxd4 cxd4 26. Rb1 Bc7 27. Rb5 Qa6 28. Nxc7 Qxc6 29.
Nd5 Kg8 30. Ne7+ 1-0

[Event "*** Titled Tuesday Blitz"]
[Site "Chess.com"]
[Date "2018.08.07"]
[Round "1"]
[White "nihalsarin"]
[Black "Kislov_Oleg"]
[Result "1-0"]
[WhiteElo "2775"]
[BlackElo "2380"]
[TimeControl "180+2"]
[EndTime "13:06:16 PDT"]
[Termination "nihalsarin won by resignation"]

1. d4 d5 2. c4 dxc4 3. e3 Nf6 4. Bxc4 e6 5. Nf3 c5 6. Qe2 a6 7. dxc5 Bxc5 8. O-O O-O 9. e4 Nc6 10. e5 Nd7 11. Nc3 Nd4 12. Nxd4 Bxd4 13. Rd1 Nxe5 14. Be3 Nc6 15. Bxd4 Nxd4 16. Qe5 Nc6 17. Qe3 Qe7 18.
Ne4 Rd8 19. h3 b5 20. Be2 Bb7 21. Qb6 Rab8 22. Nc5 Ba8 23. Rxd8+ Qxd8 24. Qxd8+ Rxd8 25. Nxa6 Nd4 26. Bf1 e5 27. Nc7 Bc6 28. Rc1 Rd7 29. Nxb5 Bb7 30. Nxd4 exd4 31. Bd3 g6 32. a4 Rd5 33. b4 Rd6 34. a5 Ba6 35. b5 Bxb5 36. Bxb5 Rd5 37. a6 1-0

[Event "*** Titled Tuesday Blitz"]
[Site "Chess.com"]
[Date "2018.08.07"]
[Round "1"]
[White "nitpicker"]
[Black "Alopekos"]
[Result "0-1"]
[WhiteElo "2109"]
[BlackElo "2480"]
[TimeControl "180+2"]
[EndTime "13:06:16 PDT"]
[Termination "Alopekos won by resignation"]

1. d4 Nf6 2. c4 e6 3. g3 d5 4. Nf3 Be7 5. Bg2 O-O 6. O-O dxc4 7. Ne5 c5 8. Be3 Nd5 9. Bxd5 exd5 10. dxc5 Bh3 11.
Re1 Nc6 12. Nxc6 bxc6 13. Nc3 Rb8 14. Na4 Bf6 15. Bd4 Bxd4 16. Qxd4 Rb4 17. Qd1 Qa5 18. b3 Rfb8 19. Rb1 Bf5 20. Rb2 Rxa4 21. e4 c3 22.
Rbe2 Rxe4 23. f3 Qxc5+ 24. Kg2 c2 25. Qd2 c1=Q 0-1

[Event "*** Titled Tuesday Blitz"]
[Site "Chess.com"]
[Date "2018.08.07"]
[Round "1"]
[White "pKiLz5Rn9b"]
[Black "Manukyan_Artak"]
[Result "1-0"]
[WhiteElo "2715"]
[BlackElo "2323"]
[TimeControl "180+2"]
[EndTime "13:06:27 PDT"]
[Termination "pKiLz5Rn9b won by checkmate"]

1. b3 Nf6 2. Bb2 g6 3. Nf3 Bg7 4. g3 c5 5. c4 Nc6 6. Bg2 O-O 7. O-O d6 8. d4 cxd4 9. Nxd4 Bd7 10. Nc2 Qc8 11. Nc3 Bh3 12. f3 Bxg2 13. Kxg2 h5 14. e4 h4 15. Ne3 Rd8 16. Qe2 Nd4 17. Qf2 h3+ 18. Kh1 e6 19. Rad1 Nc6 20. Nb5 Ne8 21.
Bxg7 Kxg7 22. Qb2+ f6 23. f4 a6 24. Nc3 Ne7 25. f5 exf5 26. exf5 g5 27. Ncd5 Nxd5 28. Nxd5 Rd7 29. Rde1 Rf7 30. Qe2 Qc6 31. Qh5 Nc7 32. Qg6+ Kf8 33. Rd1 Re8 34. Qh6+ Kg8 35. Qg6+ Kf8 36.
Qh5 Re5 37. Qh8# 1-0

[Event "*** Titled Tuesday Blitz"]
[Site "Chess.com"]
[Date "2018.08.07"]
[Round "1"]
[White "aa175"]
[Black "vovachesss"]
[Result "0-1"]
[WhiteElo "1941"]
[BlackElo "2439"]
[TimeControl "180+2"]
[EndTime "13:06:27 PDT"]
[Termination "vovachesss won by checkmate"]

1. e4 e5 2. Nf3 d5 3. exd5 e4 4. Qe2 Nf6 5. Ng1 Bc5 6. Nc3 O-O 7. a3 a6 8. b4 Ba7 9. Bb2 Re8 10. Nh3 b5 11.
Nf4 Bg4 12. f3 exf3 13. gxf3 Bxf3 14. Ne6 Bxe2 15. Nxd8 Bf3+ 16. Ne2 Bxh1 17. Bxf6 gxf6 18. Nc6 Nxc6 19. dxc6 Bf3 20. Kd1 Re5 21. d3 Rae8 22. d4 Bxe2+ 23. Bxe2 Rxe2 24. Ra2 Bxd4 25. Kc1 Bc3 26.
Rb2 Re1# 0-1

[Event "*** Titled Tuesday Blitz"]
[Site "Chess.com"]
[Date "2018.08.07"]
[Round "1"]
[White "epccmelech"]
[Black "DoctorSocrates"]
[Result "0-1"]
[WhiteElo "2118"]
[BlackElo "2517"]
[TimeControl "180+2"]
[EndTime "13:06:29 PDT"]
[Termination "DoctorSocrates won by resignation"]

1. d4 g6 2. c4 Bg7 3. Nc3 d6 4. e4 e5 5. d5 f5 6. Bd3 Nf6 7.
Nf3 O-O 8. O-O Na6 9. a3 Nc5 10. Bc2 Ncxe4 11. Nxe4 Nxe4 12. Bxe4 fxe4 13. Ng5 h6 14. Nxe4 Qh4 15. Qe2 Bf5 16. f3 a5 17.
Bd2 a4 18. Rae1 Rf7 19. Qf2 Qe7 20. Qe2 b6 21. Be3 Raf8 22. Qd2 Qd7 23. Ng3 Kh7 24.
Qc1 g5 25. Qd2 Bg6 26. Ne4 g4 27. fxg4 Rxf1+ 28. Rxf1 Rxf1+ 29. Kxf1 Bxe4 0-1

[Event "*** Titled Tuesday Blitz"]
[Site "Chess.com"]
[Date "2018.08.07"]
[Round "1"]
[White "tgpgoat"]
[Black "chenrip"]
[Result "0-1"]
[WhiteElo "1988"]
[BlackElo "2447"]
[TimeControl "180+2"]
[EndTime "13:06:43 PDT"]
[Termination "chenrip won on time"]

1. Nf3 Nf6 2. d4 e6 3. c4 b6 4. g3 Bb7 5. Bg2 c5 6. d5 exd5 7.
Nh4 Be7 8. Nc3 O-O 9. cxd5 d6 10. O-O Nbd7 11. Nf5 Bc8 12. e4 Re8 13. Nxe7+ Qxe7 14. f4 Ba6 15. Re1 Rad8 16. a4 h6 17. Na2 Bc4 18. Bd2 Bd3 19. Bc3 Bxe4 20. Bxe4 Nxe4 21. Qf3 f5 22. g4 fxg4 23. Qxg4 Ndf6 24. Qg2 Qf7 25. Rad1 Re7 0-1

[Event "*** Titled Tuesday Blitz"]
[Site "Chess.com"]
[Date "2018.08.07"]
[Round "1"]
[White "shepi13"]
[Black "kikydu96"]
[Result "0-1"]
[WhiteElo "2043"]
[BlackElo "2455"]
[TimeControl "180+2"]
[EndTime "13:06:44 PDT"]
[Termination "kikydu96 won by resignation"]

1. d4 Nf6 2. c4 g6 3. Nc3 Bg7 4. e4 d6 5. Nf3 O-O 6. Be2 e5 7. O-O Nc6 8. d5 Ne7 9. Ne1 Nd7 10.
f3 f5 11. g4 a5 12. Be3 Nc5 13. Nd3 b6 14. Rb1 Ba6 15. b3 f4 16. Bf2 h5 17.
h3 hxg4 18. hxg4 Kf7 19. Kg2 Rh8 20. Qd2 g5 21. Rh1 Qd7 22. Rxh8 Rxh8 23. Rh1 Qe8 24. Qd1 Ng6 25. Rxh8 Qxh8 26. Qh1 Nh4+ 27. Bxh4 gxh4 28. Qh3 Qh6 29. Kf2 Nd7 30. Ne1 Nf8 31. Ng2 Bf6 32. Nd1 Nh7 33. Ke1 Ng5 34. Qh1 h3 35. Kf2 Kg6 36. Ne1 Qh4+ 37. Kf1 Qg3 38. Qg1 h2 39. Qxg3 fxg3 40. Kg2 Nh3 41. Nc2 Nf4+ 42. Kxg3 0-1

[Event "*** Titled Tuesday Blitz"]
[Site "Chess.com"]
[Date "2018.08.07"]
[Round "1"]
[White "AlanZhang"]
[Black "Alliswell998"]
[Result "0-1"]
[WhiteElo "1914"]
[BlackElo "2434"]
[TimeControl "180+2"]
[EndTime "13:06:46 PDT"]
[Termination "Alliswell998 won by checkmate"]

1. e4 c5 2. Nf3 d6 3. d4 cxd4 4. Nxd4 Nf6 5. Nc3 a6 6. Be3 e5 7. Nb3 Be7 8. f3 Be6 9. Qd2 O-O 10. O-O-O a5 11. Bb5 Na6 12. Kb1 Nc7 13. Ba4 Qb8 14.
Nb5 Nfe8 15. Bb6 Nxb5 16. Bxb5 Nc7 17. Ba4 Ra6 18. Qf2 Na8 19. Bxa5 b5 20. Bxb5 Qxb5 21. Bc3 Nb6 22. Nc1 Na4 23. Qd2 Rb8 24.
b3 Bg5 25. Qe1 h6 26. h4 Bd8 27. Ba1 Ba5 28. Qe3 Bb6 29. Qd2 Bc5 30. Nd3 Bd4 31.
c3 Bxb3 32. axb3 Qxb3+ 33. Nb2 Nxc3+ 34. Kc1 Rxa1# 0-1